Map: Moonlight Madness LE (Void)

Players

AtlasGrip - Winner!

  • Race: Terran Terran
  • League: Bronze

Toons

  • Race: Zerg Zerg
  • League: Silver

VOD

Have the link to the VOD?

Description

Time

  • Played on: Aug. 4, 2015, 11:51 p.m.
  • Length: 7:23
Show
View Real Time Build Order
Export as new Build Order

AtlasGrip Terran - Winner!

Build Orders: Banshee Rush 

Get SALT Encoding   

  12  0:00  SCV  
  13  0:13  SCV  
  14  0:18  Supply Depot  
  14  0:24  Refinery  
  14  0:28  SCV  
  15  0:42  Barracks  
  15  0:46  SCV  
  16  0:58  SCV  
  17  1:11  SCV  
  19  1:29  Refinery, Orbital Command  
  18  1:37  Factory  
  18  1:43  Supply Depot, Marine  
  19  1:55  SCV  
  20  2:02  Marine  
  20  2:07  SCV  
  22  2:16  Supply Depot  
  22  2:19  SCV  
  22  2:20  Factory Tech Lab  
  23  2:31  SCV  
  23  2:33  Starport  
  23  2:34  Marine  
  25  2:42  Hellion  
  27  2:44  SCV  
  27  2:53  Supply Depot  
  27  2:56  SCV  
  28  3:00  Armory  
  28  3:03  Widow Mine  
  30  3:09  Starport Tech Lab  
  30  3:15  SCV  
  30  3:18  Marine  
  32  3:28  Banshee  
  32  3:31  Cloaking Field  
  32  3:32  Widow Mine  
  37  3:51  SCV  
  38  3:55  Supply Depot  
  38  4:01  Thor  
  44  4:24  Banshee  
  47  4:32  Marine  
  47  5:19  SCV  
  47  5:21  Thor  
  54  5:31  SCV  
  55  5:39  Banshee  
  55  5:41  Command Center  
  52  5:43  Supply Depot  
  45  6:04  Thor  
  41  6:05  SCV  
  41  6:07  Marine  
  49  6:35  Banshee  
  51  6:54  SCV, Orbital Command  
Show
View Real Time Build Order
Export as new Build Order

Toons Zerg 

Build Orders: Hatch First 

Get SALT Encoding   

  12  0:01  Drone  
  13  0:12  Drone  
  14  0:17  Overlord  
  14  0:44  Hatchery  
  14  0:48  Drone  
  14  0:55  Drone  
  14  0:56  Drone  
  16  1:01  Extractor  
  16  1:03  Drone  
  16  1:17  Spawning Pool  
  15  1:21  Drone  
  16  1:29  Drone  
  17  1:35  Drone  
  18  1:42  Drone  
  19  1:53  Overlord  
  19  1:56  Drone  
  20  2:01  Extractor  
  20  2:04  Queen  
  20  2:06  Zergling x2  
  22  2:08  Drone  
  23  2:18  Drone  
  23  2:19  Drone  
  23  2:21  Metabolic Boost  
  25  2:29  Drone  
  27  2:30  Drone  
  27  2:37  Drone  
  28  2:50  Lair  
  28  2:51  Queen  
  28  2:54  Drone x2  
  32  2:59  Overlord  
  32  3:06  Drone  
  33  3:19  Drone x2  
  35  3:23  Spore Crawler  
  35  3:24  Spore Crawler  
  33  3:35  Extractor  
  33  3:41  Spine Crawler  
  31  3:45  Spine Crawler  
  31  3:46  Zergling x8  
  31  3:47  Zergling x6  
  37  3:56  Overlord x2  
  37  4:22  Drone  
  37  4:23  Drone x2  
  40  4:31  Queen  
  40  4:32  Spore Crawler  
  39  4:43  Hydralisk Den  
  38  4:46  Spore Crawler, Zergling x8  
  38  4:52  Overseer  
  41  4:54  Overseer  
  41  5:04  Zergling x8  
  38  5:19  Zergling x2  
  38  5:20  Zergling x8  
  31  5:31  Zergling x2  
  31  5:32  Zergling x4  
  25  5:59  Drone  
  25  6:00  Zergling x4  
  28  6:16  Hydralisk  
  27  6:19  Hatchery  
  24  6:39  Drone, Hydralisk x2  
  23  7:03  Drone  
  26  7:14  Spine Crawler  
Tags
 
Add a new tag
Caveats
  • Supply blocks, unpowered buildings, or Contaminate may cause inaccurate times.
  • Supply counts are checked every 10 seconds.